 Dungeon Sprint DCSS version 0.32-a0-411-g744942f433 (webtiles) character file.

Game seed: 3488400011558062857

156 zazu2006 the Carver (level 5, -1/53 HPs)
             Began as a Minotaur Berserker on Feb 20, 2024.
             Was a Priest of Trog.
             Slain by a centaur (4 damage)
             ... in the Dungeon (Sprint IX: "|||||||||||||||||||||||||||||").
             The game lasted 00:00:43 (37 turns).

zazu2006 the Carver (Minotaur Berserker)              Turns: 37, Time: 00:00:44

Health: -1/53      AC:  2    Str: 22    XL:     5   Next: 15%
Magic:  4/4        EV: 13    Int:  4    God:    Trog [***...]
Gold:   0          SH:  0    Dex: 11    Spells: 4/4 levels left

rFire   . . .        a - +0 falchion
rCold   . . .        (no shield)
rNeg    . . .        b - +0 animal skin
rPois   .            (helmet restricted)
rElec   .            (no cloak)
rCorr   .            (no gloves)
SInv    .            (no boots)
Will    .....        (no amulet)
Stlth   +            (no ring)
HPRegen 0.28/turn    (no ring)
MPRegen 0.09/turn

%: no teleportation
@: no status effects
A: horns 2, retaliatory headbutt
a: Renounce Religion, Berserk, Trog's Hand


You were in the Dungeon.
You worshipped Trog.
Trog was most pleased with you.
You visited 1 branch

Inventory:

Hand Weapons
 a - a +0 falchion (weapon)
Armour
 b - a +0 animal skin (worn)
Scrolls
 h - a scroll of blinking
Potions
 c - a potion of curing
 e - a potion of haste
 f - 2 potions of magic
 g - a potion of berserk rage


   Skills:
 + Level 8.2 Fighting
 + Level 9.1 Long Blades
 + Level 4.4 Armour
 + Level 4.4 Dodging


You had 4 spell levels left.
You didn't know any spells.
Your spell library was empty.

Dungeon Overview and Level Annotations

Branches:
Dungeon (1/1)

Altars:


Innate Abilities, Weirdness & Mutations

You have a pair of horns on your head.
You reflexively headbutt those who attack you in melee.


Message History

The centaur hits you. The centaur kicks you.
* * * LOW HITPOINT WARNING * * *
The ufetubus hits you.
* * * LOW HITPOINT WARNING * * *
The ufetubus hits you.
* * * LOW HITPOINT WARNING * * *
The centaur hits you.
* * * LOW HITPOINT WARNING * * *
The centaur kicks you.
* * * LOW HITPOINT WARNING * * *
You feel much better. The ufetubus barely misses you. The ufetubus hits you.
The centaur hits you. The centaur kicks you.
You hit the centaur.
The centaur is heavily wounded.
The ufetubus barely misses you. You furiously retaliate!
You headbutt the ufetubus. The ufetubus closely misses you.
The centaur closely misses you. The centaur kicks you. The ufetubus misses you.
The ufetubus hits you but does no damage.
You hit the centaur.
The centaur is severely wounded.
The centaur barely misses you. The centaur kicks you.
The ufetubus misses you. x2
The centaur closely misses you. The centaur misses you.
You hit the centaur.
The centaur is almost dead.
The ufetubus hits you.
* * * LOW HITPOINT WARNING * * *
The ufetubus barely misses you. The centaur hits you.
* * * LOW HITPOINT WARNING * * *
The centaur completely misses you.
You barely miss the centaur.
The centaur is almost dead.
The ufetubus completely misses you. The ufetubus misses you.
The centaur hits you.
* * * LOW HITPOINT WARNING * * *
The centaur kicks you but does no damage.
The ufetubus barely misses you. The ufetubus closely misses you.
You closely miss the centaur.
The centaur is almost dead.
The centaur hits you.
You die...

▓+▓
▓.▓
▓.▓
▓.▓
▓.▓
▓c▓
▓@▓
▓5▓
▓.▓
▓.▓
▓.▓
▓†▓
▓†▓
▓.▓
▓.▓


You could see a centaur and an ufetubus.

Vanquished Creatures
  2 scorpions (D)
  A bombardier beetle (D)
  An endoplasm (D)
  A hobgoblin (D)
  A ball python (D)
  2 rats (D)
8 creatures vanquished.

Notes
Turn   | Place    | Note
-------+----------+-------------------------------------------
     0 | D        | zazu2006 the Minotaur Berserker began the quest for the
                  | Orb.
     0 | D        | Reached XP level 1. HP: 19/19 MP: 0/0
     6 | D        | Reached skill level 4 in Long Blades
     8 | D        | Reached ** piety under Trog
    11 | D        | Reached XP level 2. HP: 24/28 MP: 1/1
    16 | D        | Noticed a centaur
    16 | D        | Noticed a scorpion
    16 | D        | Noticed a bombardier beetle
    16 | D        | Noticed a scorpion
    19 | D        | Killed a scorpion
    20 | D        | Reached skill level 7 in Long Blades
    20 | D        | Reached XP level 3. HP: 36/38 MP: 2/2
    20 | D        | Reached XP level 4. HP: 42/45 MP: 3/3
    24 | D        | Reached *** piety under Trog
    25 | D        | Reached skill level 8 in Long Blades
    28 | D        | Killed a scorpion
    29 | D        | Reached skill level 9 in Long Blades
    29 | D        | Reached XP level 5. HP: 31/53 MP: 4/4
    31 | D        | HP: 2/53 [centaur (2)]
    37 | D        | Slain by a centaur

Illustrated notes

Levels and vault maps discovered:
D:        linesprint [early_d, line_temple, items_1, d_10, items_2, lair_1,
          lair_end, items_3, orc_1, orc_end, items_4, d_15, swamp_1, shoals_1,
          snake_1, spider_1, d_20, vaults_1, items_5, swamp_end, shoals_end,
          snake_end, spider_end, vaults_end, d_27, items_6, zot_1, zot_end,
          crypt_end, forest_end, elf_end, slime_end, tomb_end, abyss_end,
          pan_hell_end]

Skill      XL: |  1  2  3  4 |
---------------+-------------+-----
Fighting       | 4 6 8 |  8.2
Long Blades    | 4 7 9 |  9.1
Armour         | 3 4 |  4.4
Dodging        | 3 4 |  4.4

Action                     |  1- 3 |  4- 6 || total
---------------------------+-------+-------++-------
  Melee: Falchion          |     9 |    16 ||    25
         Headbutt          |     2 |     3 ||     5
    Use: Potion            |       |     1 ||     1
 Armour: Animal skin       |     2 |    25 ||    27
  Dodge: Dodged            |     3 |    26 ||    29

Table legend: (Time is in decaauts)
 A = Elapsed time spent in this place.
 B = Non-inter-level travel time spent in this place.
 C = Inter-level travel time spent in this place.
 D = Time resting spent in this place.
 E = Time spent auto-exploring this place.
 F = Levels seen in this place.
 G = Mean time per level.
                   A        B        C        D        E       F      G
               +--------+--------+--------+--------+--------+-----+--------+
         Total |     36 |     28 |      8 |      0 |      0 |   1 |   36.0 |
       Dungeon |     36 |     28 |      8 |      0 |      0 |   1 |   36.0 |
               +--------+--------+--------+--------+--------+-----+--------+

Top non-repeatable levels by time:
       D: 36 daAuts
